 Dungeon Crawl Stone Soup version 0.25-a0-577-ga4619f409e (webtiles) character file.

Game seed: 13545238737774159813, levelgen mode: deterministic

50 An17 the Sneak (level 3, -2/19 HPs)
             Began as a Vampire Enchanter on Mar 2, 2020.
             Killed from afar by Sigmund (9 damage)
             ... with a magic dart
             ... on level 2 of the Dungeon.
             The game lasted 00:06:00 (1312 turns).

An17 the Sneak (Vampire Enchanter)                  Turns: 1312, Time: 00:06:01

Health: -2/19      AC:  2    Str:  7    XL:     3   Next: 55%
Magic:  0/6        EV: 13    Int: 17    God:
Gold:   78         SH:  0    Dex: 15    Spells: 1/6 levels left

rFire    . . .     SeeInvis +   a - +2 dagger
rCold    + + .     Gourm    .   (no shield)
rNeg     + + +     Faith    .   b - +0 robe
rPois    ∞         Spirit   .   (no helmet)
rElec    .         Reflect  .   (no cloak)
rCorr    .         Harm     .   (no gloves)
MR       .....                  (no boots)
Stlth    +++++.....             (no amulet)
HPRegen  0.00/turn              (no ring)
MPRegen  0.10/turn              (no ring)

@: very slightly contaminated, bloodless
A: no food, fangs 3, see invisible, unbreathing
a: Bat Form, Revivify


You were on level 2 of the Dungeon.
You were bloodless.

You visited 1 branch of the dungeon, and saw 2 of its levels.

You collected 78 gold pieces.

Inventory:

Hand Weapons
 a - a +2 dagger (weapon)
 f - a +0 short sword of speed
Armour
 b - a +0 robe (worn)
 l - a +0 scale mail
Scrolls
 i - a scroll of identify
 j - 3 scrolls of enchant weapon
 o - a scroll of amnesia
Potions
 c - a potion of stabbing {unknown}
 d - a potion of brilliance {unknown}
 e - a potion of magic {unknown}
 g - a potion of ambrosia {unknown}
 h - a potion of invisibility {unknown}
 k - a potion of might {unknown}
 m - a potion of flight {unknown}
 n - a potion of mutation {unknown}


   Skills:
 + Level 2.1 Short Blades
 + Level 2.3 Dodging
 + Level 5.4 Stealth
 + Level 2.2 Spellcasting
 + Level 5.0 Hexes


You had one spell level left.
You knew the following spells:

 Your Spells              Type           Power        Failure   Level  Hunger
a - Ensorcelled Hibernat  Hex/Ice        ##....       10%         2    N/A
b - Tukima's Dance        Hex            ###.....     8%          3    N/A

Your spell library contained the following spells:

 Spells                   Type           Power        Failure   Level  Hunger
 Corona                   Hex            ###....      2%          1    N/A
 Confusing Touch          Hex            ###.....     8%          3    N/A
 Dazzling Flash           Conj/Hex       ##....       21%         3    N/A

Dungeon Overview and Level Annotations

Branches:
Dungeon (2/15)

Altars:

Annotations:
D:2 Sigmund


Innate Abilities, Weirdness & Mutations

You do not eat.
You do not regenerate when monsters are visible.
You are frail without blood (-20% HP).
You can heal yourself when you bite living creatures.
You are immune to poison.
You have razor-sharp teeth.
You have supernaturally acute eyesight. (SInv)
You can survive without breathing.


Message History

Press: ? - help, Shift-Dir - straight line, f - Sigmund
Aim: Sigmund, wielding a +0 scythe and wearing a +0 robe (chance to defeat MR: 50%) Sigmund resists with some effort.
Sigmund gestures at you while chanting. The puff of flame hits you!
Ouch! That really hurt!
A frilled lizard comes into view.
Casting: Ensorcelled Hibernation (safe; 10% risk of failure)
Confirm with . or Enter, or press ? or * to list all spells.
Aiming: Ensorcelled Hibernation (safe; 10% risk of failure)
Press: ? - help, Shift-Dir - straight line, f/p - Sigmund
Aim: Sigmund, wielding a +0 scythe and wearing a +0 robe (chance to defeat MR: 50%)
You miscast Ensorcelled Hibernation.
You are very lightly contaminated with residual magic.
Your hands glow momentarily.
Sigmund points at you and mumbles some strange words.
You resist with some effort.
Sigmund points at you and mumbles some strange words.
The magic dart hits you!
You die...

##.#.#...#......( #...
#.......[. ######.>
#......... #....†.#
#.........
#......###.##......... #
#.....@....##.........
#.##......######.........
#............# #........#
###.....@.##.###........#
####..####..##........#
##..#####............
##...........####.....
##....#.##.............
#####....##.#....).#######.
........#...............# .
..........#......######..
........######...#


You could see Sigmund.

Vanquished Creatures
  A dart slug (D:1)
  5 bats (D:1)
  8 hobgoblins (D:1)
  7 jackals
  10 goblins
  8 kobolds (D:1)
  3 rats (D:1)
42 creatures vanquished.

Notes
Turn   | Place    | Note
-------+----------+-------------------------------------------
     0 | D:1      | An17 the Vampire Enchanter began the quest for the Orb.
     0 | D:1      | Reached XP level 1. HP: 13/13 MP: 3/3
   213 | D:1      | Reached XP level 2. HP: 3/19 MP: 5/5
   304 | D:1      | Learned a level 2 spell: Ensorcelled Hibernation
   335 | D:1      | Reached skill level 5 in Stealth
   592 | D:1      | Reached XP level 3. HP: 19/19 MP: 6/6
   603 | D:1      | Learned a level 3 spell: Tukima's Dance
  1072 | D:2      | Noticed Sigmund
  1107 | D:2      | Reached skill level 5 in Hexes
  1312 | D:2      | Killed from afar by Sigmund

Levels and vault maps discovered:
D:1:      psy_arrival_basics, layout_loops_corners, kennysheep_flooded_box,
          minmay_three_crescents
D:2:      layout_rooms, uniq_sigmund

Skill      XL: |  1  2  3 |
---------------+----------+-----
Stealth        | 5 |  5.4
Short Blades   | 2 |  2.1
Hexes          | 5 |  5.0
Dodging        | |  2.3
Spellcasting   | |  2.2

Action                   || total
-------------------------++-------
Melee: Dagger            ||   123
       Bite              ||     8
 Cast: Corona            ||     1
       Ensorcelled Hiber ||    13
 Abil: Exsanguinate      ||     1
  Use: Scroll            ||     5
 Stab: Sleeping          ||    16
Armor: Robe              ||    22
Dodge: Dodged            ||    70

Table legend:
 A = Non-vault XP
 B = Vault XP
 C = Vault XP percentage of total XP
 D = Non-vault monster count
 E = Vault monster count
 F = Vault count percentage of total count
                 A         B        C        D         E       F
            +---------+---------+-------+---------+---------+-------
      Total |      62 |      10 |  13.9 |      36 |       6 |  14.3
            +---------+---------+-------+---------+---------+-------
        D:1 |      48 |      10 |  17.2 |      28 |       6 |  17.6
        D:2 |      14 |       0 |   0.0 |       8 |       0 |   0.0
            +---------+---------+-------+---------+---------+-------
